 Dungeon Crawl Stone Soup version 0.21.0-25-ge575cb9 (webtiles) character file.

25 zxpr0jk the Chiller (level 2, 0/20 HPs)
             Began as a Draconian Ice Elementalist on Jan 24, 2018.
             Slain by a jackal (1 damage)
             ... on level 1 of the Dungeon.
             The game lasted 00:01:49 (1136 turns).

zxpr0jk the Chiller (Draconian Ice Elementalist)    Turns: 1136, Time: 00:01:50

Health: 0/20       AC:  4    Str: 10    XL:     2   Next: 86%
Magic:  5/5        EV: 12    Int: 15    God:
Gold:   74         SH:  0    Dex: 11    Spells: 4/5 levels left

rFire    . . .     SeeInvis .   e - +0 hand axe
rCold    . . .     Gourm    .   (no shield)
rNeg     . . .     Faith    .   (armour unavailable)
rPois    .         Spirit   .   (helmet restricted)
rElec    .         Reflect  .   (no cloak)
rCorr    .         Harm     .   (no gloves)
MR       .....                  (no boots)
Stlth    ++........             (no amulet)
HPRegen  0.06/turn              (no ring)
MPRegen  0.09/turn              (no ring)

@: flying
A: unfitting armour, mutation resistance 1, cold-blooded, AC +4
a: no special abilities


You were on level 1 of the Dungeon.
You were not hungry.

You visited 1 branch of the dungeon, and saw 2 of its levels.

You collected 74 gold pieces.

Inventory:

Hand Weapons
 e - a +0 hand axe (weapon)
Missiles
 c - 66 stones (quivered)
 g - 5 tomahawks
Scrolls
 h - 2 scrolls of enchant armour {unknown}
 j - a scroll of noise {unknown}
 k - a scroll of teleportation {unknown}
Potions
 i - a potion of curing {unknown}
 l - a potion of haste {unknown}
Books
 a - a book of Frost

   Spells                             Type                      Level
   a - Freeze                         Ice                          1
   b - Throw Frost                    Conjuration/Ice              2
   c - Ozocubu's Armour               Charms/Ice                   3
   d - Throw Icicle                   Conjuration/Ice              4
   e - Summon Ice Beast               Ice/Summoning                4
Comestibles
 b - 4 rations


   Skills:
 - Level 1.7 Dodging
 - Level 1.8 Stealth
 + Level 2.4 Spellcasting
   Level 1.0 Conjurations
 * Level 3.8 Ice Magic


You had 4 spell levels left.
You knew the following spells:

 Your Spells              Type           Power        Failure   Level  Hunger
a - Freeze                Ice            ##..         4%          1    #......


Dungeon Overview and Level Annotations

Branches:
Dungeon (2/15)

Altars:

Annotations:
D:2 Robin


Innate Abilities, Weirdness & Mutations

Your plain brown scales are hard. (AC +4)
You cannot fit into any form of body armour.
You are cold-blooded and may be slowed by cold attacks.
You are somewhat resistant to further mutation.


Message History

The goblin hits you with a club.
* * * LOW HITPOINT WARNING * * *
You climb upwards.
There is a stone staircase leading down here.
Unknown command.
The jackal closely misses you. The goblin barely misses you.
The goblin closely misses you. The goblin hits you but does no damage.
The jackal barely misses you. The goblin barely misses you.
The jackal barely misses you. The goblin hits you with a club.
* * * LOW HITPOINT WARNING * * *
The jackal closely misses you.
It was a potion of mutation.
You feel extremely strange.
You feel genetically stable. The jackal closely misses you.
The jackal bites you.
* * * LOW HITPOINT WARNING * * *
It was a potion of flight.
You feel very buoyant.
You fly up into the air.
The jackal bites you.
You die...

......#.#.#.#.# ##.++++++.#######
......#.#.#.#.# #.........#......
......#.#.#.#.# ##.####....#.#####
......#.#.#.#.# #..# ####.#.#...#
......#.#.#.#.# ##)## #.#.#.#.#
......#.#.#.#.# #..# #.#.#.#.#
......#.#.#.#.# #.## #.#.#....
......#.#.#.#.# #.# #.#.#.#.#
.######.#.#...# #@# #.#.###.#
+######.#.#######h#### #.#.....#
)....##.#.##....ggg..# #.#######
.....##.#.##....gg...# #........
.....##.#.##.........##############
.>...##.#..+.........'.......†.....
.....##.####.....>...##############
.######.# #.........####..........
## #.# #####.##.....#.##.##..##


You could see a jackal and 5 goblins.

Vanquished Creatures
  A dart slug (D:1)
  A ball python (D:1)
  4 bats (D:1)
  A giant cockroach (D:1)
  3 goblins (D:1)
  3 jackals (D:1)
  3 kobolds (D:1)
  A frilled lizard (D:1)
  3 rats (D:1)
20 creatures vanquished.

Notes
Turn   | Place    | Note
-------+----------+-------------------------------------------
     0 | D:1      | zxpr0jk the Draconian Ice Elementalist began the quest for the Orb.
     0 | D:1      | Reached XP level 1. HP: 14/14 MP: 3/3
   255 | D:1      | Reached XP level 2. HP: 19/20 MP: 5/5
  1119 | D:2      | Noticed Robin
  1131 | D:1      | HP: 1/20 [goblin/club[Robin] (3)]
  1135 | D:1      | Gained mutation: You are somewhat resistant to further mutation. [potion of mutation]
  1136 | D:1      | Slain by a jackal

Action                   || total
-------------------------++-------
Melee: Hand axe          ||    59
       Tailslap          ||     5
       Unarmed           ||     1
Throw: Stone             ||    72
       Tomahawk          ||     1
  Use: Scroll            ||     2
       Potion            ||     2
  Eat: Ration            ||     1
Armor: Skin              ||    19
Dodge: Dodged            ||    67
